 Dungeon Crawl Stone Soup version 0.18-a0-1078-gebb93d0 (webtiles) character file.

1422 tehphobia the Nimble (level 8, -4/41 HPs)
             Began as a Deep Elf Wizard on Jan 15, 2016.
             Was a Follower of Vehumet.
             Slain by a killer bee (7 damage)
             ... on level 7 of the Dungeon.
             The game lasted 00:18:42 (6974 turns).

tehphobia the Nimble (Deep Elf Wizard)              Turns: 6974, Time: 00:18:42

Health: -4/41      AC:  6    Str:  4    XL:     8   Next: 44%
Magic:  15/22      EV: 16    Int: 26    God:    Vehumet [*.....]
Gold:   352        SH:  2    Dex: 13    Spells: 3 memorised, 14 levels left

rFire  . . .     SeeInvis .     m - +3 dagger (venom)
rCold  . . .     Gourm    .     a - +2 robe
rNeg   + . .     Faith    .     (no shield)
rPois  .         Spirit   .     b - +2 hat
rElec  .         Dismiss  .     (no cloak)
rCorr  .         Reflect  +     (no gloves)
SustAt .         Harm     .     (no boots)
MR     .....                    y - +2 amulet of reflection
Stlth  ++........               (no ring)
                                v - ring of positive energy

@: lethally poisoned (-4 -> -8), not resistant to hostile enchantments,
unstealthy
A: no striking features
a: Renounce Religion


You were on level 7 of the Dungeon.
You worshipped Vehumet.
Vehumet was aware of your devotion.
You were not hungry.

You visited 2 branches of the dungeon, and saw 8 of its levels.

You collected 352 gold pieces.

Inventory:

Hand Weapons
 m - a +3 dagger of venom (weapon)
Armour
 a - a +2 robe (worn)
 b - a +2 hat (worn)
Jewellery
 v - a ring of positive energy (left hand)
 y - a +2 amulet of reflection (around neck)
 z - an uncursed ring of magical power {unknown}
Scrolls
 e - a scroll of blinking {unknown}
 f - 3 scrolls of identify
 h - 6 scrolls of amnesia
 i - a scroll of teleportation
 k - 2 scrolls of remove curse
 p - a scroll of enchant weapon
 r - a scroll of enchant armour
Potions
 g - a potion of brilliance {unknown}
 j - 2 potions of berserk rage {unknown}
 l - a potion of might {unknown}
 q - 2 potions of flight
 s - a potion of poison
 u - a potion of curing
 x - 2 potions of magic
 A - a potion of cancellation {unknown}
Books
 c - a book of Minor Magic

   Spells                             Type                      Level
   a - Magic Dart                     Conjuration                  1
   b - Blink                          Translocation                2
   c - Call Imp                       Summoning                    2
   d - Repel Missiles                 Charms/Air                   2
   e - Slow                           Hexes                        2
   f - Conjure Flame                  Conjuration/Fire             3
   g - Mephitic Cloud                 Conjuration/Poison/Air       3
 w - a Fen Folio

   Spells                             Type                      Level
   a - Corpse Rot                     Necromancy                   2
   b - Stone Arrow                    Conjuration/Earth            3
   c - Leda's Liquefaction            Hexes/Earth                  4
   d - Summon Forest                  Summoning/Translocation      5
   e - Hydra Form                     Transmutation                6
   f - Summon Hydra                   Summoning                    7
Comestibles
 d - 4 bread rations
 n - 2 beef jerkies
 o - 2 meat rations
 t - 4 fruits


   Skills:
 + Level 8.7 Dodging
 - Level 2.4 Stealth
 - Level 8.0 Spellcasting
 - Level 5.5 Conjurations
 * Level 3.1 Summonings
   Level 1.1 Translocations


You had 14 spell levels left.
You knew the following spells:

 Your Spells              Type           Power        Failure   Level  Hunger
a - Magic Dart            Conj           ####         1%          1    None
b - Summon Hydra          Summ           ####......   100%        7    #######
c - Sting                 Conj/Pois      ###.         1%          1    None


Dungeon Overview and Level Annotations

Branches:
Dungeon (7/15)             Temple (1/1) D:5

Altars:
Ashenzari
Cheibriados
Dithmenos
Elyvilon
Fedhas
Kikubaaqudgha
Makhleb
Okawaru
Pakellas
Qazlal
Ru
Sif Muna
Trog
Vehumet
Xom
Yredelemnul
The Shining One

Shops:
D:6 !


Message History

Aiming: Sting
Press: ? - help, Shift-Dir - straight line, f/p - killer bee
Aim: a killer bee (lightly wounded)
The sting misses the killer bee.
* * * LOW HITPOINT WARNING * * *
You feel sick. The killer bee closely misses you.
The killer bee barely misses you.
* * * LOW HITPOINT WARNING * * *
You feel sick. The killer bee closely misses you.
Casting: Sting
Confirm with . or Enter, or press ? or * to list all spells.
Aiming: Magic Dart
Press: ? - help, Shift-Dir - straight line, f/p - killer bee
Aim: a killer bee (lightly wounded)
The magic dart hits the killer bee.
The killer bee is moderately wounded.
The killer bee misses you. The killer bee closely misses you.
* * * LOW HITPOINT WARNING * * *
You feel sick. The killer bee stings you!
You die...

....#.##.....##########.##.#..###
....#.##.......#.........#.#.....
....#.##....##.#.######..#'#'####
......##....##.#.# #........#
......##....##.#.# #........#
......##.#...#.#.# #........#
##.##.##.###.#.#.# #........#
....#.##.###.#.#.# #........#
..>.............@# #...(....#
....#.##.###.#..y# #........#
....#.##.###.#...######...)....##
................<........#+#.....
.##.#.##.###.#.#.######)##.#...##
.............#.#...........#...#
#####'######.#.#..#####.#..#####
...........#.#.#...........#
###........#.#.#...####.#.##


You could see a killer bee.

Vanquished Creatures
  Sigmund (D:4)
  Menkaure (D:7)
  An ogre (D:4)
  3 giant frogs (D:6)
  A scorpion (D:4)
  2 killer bees (D:7)
  2 crimson imps
  A quasit (D:6)
  A centaur skeleton (D:4)
  An orc priest (D:4)
  Natasha (thrice) (D:4)
  3 orc wizards
  7 worker ants
  A hound skeleton (D:4)
  13 adders
  2 oozes (D:6)
  An adder zombie (D:6)
  An adder skeleton (D:6)
  4 worms
  2 giant geckos
  16 orcs
  5 giant cockroaches
  6 goblins
  4 hobgoblins
  11 jackals
  7 kobolds
  5 quokkas
  A ball python (D:3)
  5 bats
  6 giant newts
  12 rats
129 creatures vanquished.

Notes
Turn   | Place    | Note
--------------------------------------------------------------
     0 | D:1      | tehphobia the Deep Elf Wizard began the quest for the Orb.
     0 | D:1      | Reached XP level 1. HP: 10/10 MP: 7/7
   348 | D:1      | Reached XP level 2. HP: 15/15 MP: 6/9
   773 | D:2      | Found a blossoming altar of Fedhas.
   819 | D:2      | Reached skill level 5 in Spellcasting
   989 | D:2      | Reached XP level 3. HP: 19/19 MP: 5/11
  1795 | D:2      | Reached XP level 4. HP: 24/24 MP: 8/13
  1840 | D:2      | Found an oddly glowing altar of Pakellas.
  2026 | D:3      | Reached skill level 6 in Spellcasting
  2539 | D:4      | Noticed Sigmund
  2885 | D:3      | Reached XP level 5. HP: 28/28 MP: 7/15
  2984 | D:4      | Killed Sigmund
  2984 | D:4      | Reached skill level 7 in Spellcasting
  2984 | D:4      | Reached XP level 6. HP: 21/32 MP: 16/18
  3279 | D:4      | Noticed Natasha
  3282 | D:4      | Killed Natasha
  3282 | D:4      | Reached skill level 5 in Conjurations
  3409 | D:4      | Noticed Menkaure
  3420 | D:4      | Noticed Natasha
  3426 | D:4      | Killed Natasha
  3459 | D:4      | Noticed Natasha
  3784 | D:4      | Killed Natasha
  3784 | D:4      | Reached skill level 8 in Spellcasting
  4088 | D:4      | Reached XP level 7. HP: 36/36 MP: 12/20
  4352 | D:5      | Entered Level 5 of the Dungeon
  4361 | D:5      | Found a staircase to the Ecumenical Temple.
  4370 | Temple   | Entered the Ecumenical Temple
  4422 | Temple   | Became a worshipper of Vehumet
  4579 | D:5      | Found a deep blue altar of Sif Muna.
  4587 | D:5      | Reached skill level 5 in Dodging
  5186 | D:5      | Found a sacrificial altar of Ru.
  5221 | D:5      | Found an iron altar of Okawaru.
  5221 | D:5      | Found a burning altar of Makhleb.
  5499 | D:6      | Found Wesiet's Distillery.
  5743 | D:6      | Noticed a troll
  5923 | D:6      | Reached XP level 8. HP: 33/41 MP: 17/22
  6422 | D:7      | Killed Menkaure
  6488 | D:7      | Learned a level 7 spell: Summon Hydra
  6492 | D:7      | Found a bloodstained altar of Trog.
  6597 | D:7      | Reached * piety under Vehumet
  6597 | D:7      | Offered knowledge of Sting by Vehumet.
  6615 | D:7      | Learned a level 1 spell: Sting
  6974 | D:7      | Slain by a killer bee

Vault maps used:
D:1:      lemuel_arrival_hallway, fountainhead
D:2:      fedhas_altar_1, minmay_misc_feat_x, grunt_pakellas_mercury
D:3:      kennysheep_six_static_rooms, first_bread,
          hangedman_abyss_or_decor_stabs
D:4:      minivault_4, st_stairs_4, uniq_sigmund, uniq_menkaure, uniq_natasha
D:5:      nicolae_ru_path_of_blood, old_standard_altar,
          gammafunk_temple_overflow_elements, minmay_temple_entry_large_hall
D:6:      serial_shops, shop
D:7:      overflow_temple_1_default, zin_treasury,
          nicolae_gozag_zags_fifth_avenue, the_bakery, uniq_duvessa
Temple:   eino_temple_water_12

Action                   |  1- 3 |  4- 6 |  7- 9 || total
-------------------------+-------+-------+-------++-------
Melee: Unarmed           |    11 |       |       ||    11
       Dagger            |    16 |    12 |     6 ||    34
 Cast: Magic Dart        |   102 |   144 |   155 ||   401
       Sting             |       |       |    13 ||    13
  Use: Potion            |       |     4 |     1 ||     5
       Scroll            |       |       |    14 ||    14
 Stab: Sleeping          |     1 |       |       ||     1
       Invisible         |       |     1 |       ||     1
  Eat: Chunk             |     2 |     8 |     8 ||    18
